 Dungeon Crawl Stone Soup version 0.29-a0-813-g4a14ea37d6 (webtiles) character file.

Game seed: 11535042945079923964

105 polve the Chopper (level 4, -1/33 HPs)
             Began as a Demonspawn Gladiator on July 4, 2022.
             Slain by an orc wizard
             ... wielding a +0 dagger
              (3 damage)
             ... on level 2 of the Dungeon.
             The game lasted 00:01:38 (2373 turns).

polve the Chopper (Demonspawn Gladiator)            Turns: 2373, Time: 00:01:38

Health: -1/33      AC:  4    Str: 14 (17) XL:     4   Next: 53%
Magic:  4/4        EV: 12    Int:  8 (9)  God:
Gold:   47         SH:  0    Dex: 11 (14) Spells: 3/3 levels left

rFire   . . .      SeeInvis .   a - +0 war axe
rCold   . . .      Faith    .   (no shield)
rNeg    . . .      Spirit   .   b - +0 leather armour
rPois   .          Reflect  .   c - +0 helmet
rElec   .          Harm     .   (no cloak)
rCorr   .          Rampage  .   (no gloves)
Will    .....                   (no boots)
Stlth   +.........              (no amulet)
HPRegen 0.11/turn               (no ring)
MPRegen 0.09/turn               (no ring)

@: mighty
A: condensation shield
a: no special abilities


You were on level 2 of the Dungeon.
You visited 1 branch of the dungeon, and saw 3 of its levels.

You collected 47 gold pieces.

Inventory:

Hand Weapons
 a - a +0 war axe (weapon)
Missiles
 d - 3 throwing nets (quivered)
 e - a javelin
Armour
 b - a +0 leather armour (worn)
 c - a +0 helmet (worn)
Jewellery
 j - an amulet of faith
 k - a ring of magical power
Scrolls
 h - a scroll of teleportation {unknown}
 i - a scroll of identify {unknown}
 l - 4 scrolls of noise {unknown}
 m - 2 scrolls of brand weapon {unknown}
Potions
 g - a potion of cancellation
 o - a potion of curing {unknown}


   Skills:
 - Level 2.0 Fighting
 + Level 4.9 Axes
 - Level 1.7 Throwing
 - Level 2.6 Dodging


You had 3 spell levels left.
You didn't know any spells.
Your spell library was empty.

Dungeon Overview and Level Annotations

Branches:
Dungeon (3/15)

Altars:


Innate Abilities, Weirdness & Mutations

A meltable shield of frost defends you. (SH +0)


Message History

The orc wizard mumbles some strange words.
The orc wizard flickers and vanishes!
Deactivating autopickup; reactivate with Ctrl-A.
You miss something. Something hits you.
You barely miss something. Something hits you.
You hear some strange, mumbled words.
A puff of flame appears from out of thin air!
The puff of flame hits you!
* * * LOW HITPOINT WARNING * * *
You barely miss something. Something hits you.
* * * LOW HITPOINT WARNING * * *
It was a potion of degeneration.
There was something very wrong with that liquid.
You feel weakened.
You feel dopey.
You feel clumsy. Something hits you but does no damage.
You miss something. Something hits you but does no damage.
You hit something. Something hits you.
* * * LOW HITPOINT WARNING * * *
Something hits you but does no damage.
It was a potion of might.
You feel very mighty all of a sudden.
You hear some strange, mumbled words.
A puff of flame appears from out of thin air!
The puff of flame misses you.
You miss something.
You hear some strange, mumbled words.
Something tries to affect you, but you resist.
You closely miss something. Something hits you but does no damage.
You miss something. Something hits you.
* * * LOW HITPOINT WARNING * * *
You closely miss something. Something hits you.
* * * LOW HITPOINT WARNING * * *
Something hits you but does no damage.
You barely miss something. Something hits you but does no damage.
You closely miss something. Your punch misses something.
Something hits you but does no damage.
You barely miss something. Something hits you.
* * * LOW HITPOINT WARNING * * *
You closely miss something. Something hits you.
You die...

### ..# ..# ..# ..#
###### ..###....#
...##....# ####
...##....## #######..#
...##.....# ##@{......#
.).##.....# #.>######.#
##.##.(...#####.## #^#
#.####.#.......# #.#
##...##.......### #.#
.###.##.......# #.#
.....##.......# #.#
####..........#########.#
##....#.#...............#


There were no monsters in sight!

Vanquished Creatures
  Jessica (D:2)
  3 adders (D:2)
  A worm (D:2)
  4 dart slugs
  2 orcs
  3 ball pythons
  3 bats
  5 endoplasms
  2 giant cockroaches (D:1)
  3 hobgoblins
  3 kobolds
  3 quokkas
  4 frilled lizards
  A goblin (D:1)
  A rat (D:1)
39 creatures vanquished.

Notes
Turn   | Place    | Note
-------+----------+-------------------------------------------
     0 | D:1      | polve the Demonspawn Gladiator began the quest for the Orb.
     0 | D:1      | Reached XP level 1. HP: 16/16 MP: 1/1
   108 | D:1      | Reached skill level 3 in Axes
   373 | D:1      | Gained mutation: A meltable shield of frost defends you.
                  | (SH +0) [demonic ancestry]
   373 | D:1      | Reached XP level 2. HP: 21/22 MP: 2/2
  1319 | D:2      | Reached XP level 3. HP: 22/27 MP: 3/3
  1381 | D:2      | Reached skill level 4 in Axes
  1711 | D:2      | Noticed Jessica
  1718 | D:2      | Reached XP level 4. HP: 21/33 MP: 4/4
  1734 | D:2      | Killed Jessica
  2372 | D:2      | HP: 1/33 [something (1)]
  2373 | D:2      | Slain by an orc wizard

Illustrated notes

Levels and vault maps discovered:
D:1:      minmay_arrival_five_plusses, layout_loops_ring, nrook_mini_vaults,
          chequers_garden, minmay_split_cup_small
D:2:      layout_rooms, uniq_jessica
D:3:      layout_loops_cross, lemuel_tele_altar, mainiacjoe_overflow_chevrons,
          uniq_ijyb

Skill      XL: |  1  2  3 |
---------------+----------+-----
Axes           | 3 4 |  4.9
Fighting       | |  2.0
Throwing       | |  1.7
Dodging        | |  2.6

Action                   |  1- 3 |  4- 6 || total
-------------------------+-------+-------++-------
Melee: War axe           |    90 |    68 ||   158
       Punch             |     1 |       ||     1
  Use: Potion            |       |     6 ||     6
 Stab: Sleeping          |     1 |       ||     1
       Distracted        |     1 |       ||     1
Armor: Leather armour    |    19 |    27 ||    46
Dodge: Dodged            |    48 |    31 ||    79
Block: Other             |     8 |    14 ||    22

Table legend: (Time is in decaauts)
 A = Elapsed time spent in this place.
 B = Non-inter-level travel time spent in this place.
 C = Inter-level travel time spent in this place.
 D = Time resting spent in this place.
 E = Time spent auto-exploring this place.
 F = Levels seen in this place.
 G = Mean time per level.
                   A        B        C        D        E       F      G
               +--------+--------+--------+--------+--------+-----+--------+
         Total |   2418 |   2389 |     29 |      0 |   2030 |   3 |  806.0 |
       Dungeon |   2418 |   2389 |     29 |      0 |   2030 |   3 |  806.0 |
               +--------+--------+--------+--------+--------+-----+--------+

Top non-repeatable levels by time:
     D:1: 1290 daAuts
     D:2: 1116 daAuts
     D:3: 11 daAuts
